 Dungeon Crawl Stone Soup version 0.22.1-2-g9c5b331383 (webtiles) character file.

901 Marnok the Chopper (level 7, -9/62 HPs)
             Began as a Minotaur Fighter on Dec 1, 2018.
             Splashed by Ijyb's acid (14 damage)
             ... on level 6 of the Dungeon.
             The game lasted 00:22:29 (4961 turns).

Marnok the Chopper (Minotaur Fighter)               Turns: 4961, Time: 00:22:30

Health: -9/62      AC:  2    Str: 21    XL:     7   Next: 80%
Magic:  6/6        EV:  9    Int:  5    God:
Gold:   368        SH: 16    Dex: 11    Spells: 6/6 levels left

rFire    . . .     SeeInvis .   i - +1 hand axe (freeze)
rCold    + . .     Gourm    .   c - +0 shield
rNeg     . . .     Faith    .   b - +0 scale mail
rPois    .         Spirit   .   (helmet restricted)
rElec    .         Reflect  +   (no cloak)
rCorr    .         Harm     .   r - +2 pair of gloves
MR       .....                  (no boots)
Stlth    +.........             p - +6 amulet of reflection
HPRegen  0.20/turn              t - ring of stealth
MPRegen  0.10/turn              u - ring of protection from cold

@: corroded
A: retaliatory headbutt, horns 2
a: no special abilities


You were on level 6 of the Dungeon.
You were not hungry.

You visited 1 branch of the dungeon, and saw 6 of its levels.

You collected 368 gold pieces.

Inventory:

Hand Weapons
 a - a +0 war axe
 d - a cursed -1 hunting sling
 e - a cursed -2 spear
 i - a +1 hand axe of freezing (weapon)
 n - a +2 dagger of speed
 y - a +4 whip
 z - a +2 dagger of freezing
Armour
 b - a +0 scale mail (worn)
 c - a +0 shield (worn)
 h - a +0 robe
 j - a +0 shield
 o - a +0 helmet
 r - a +2 pair of gloves (worn)
 s - a +0 chain mail
Jewellery
 p - a +6 amulet of reflection (around neck)
 t - a ring of stealth (left hand)
 u - a ring of protection from cold (right hand)
Wands
 m - a wand of flame (15)
Scrolls
 g - a scroll of magic mapping
 k - a scroll of enchant weapon {unknown}
 l - 3 scrolls of identify
 v - a scroll of teleportation
Potions
 q - a potion of brilliance
Comestibles
 f - 5 rations


   Skills:
 + Level 5.8 Fighting
 + Level 7.1 Axes
 + Level 4.8 Armour
 + Level 3.1 Dodging
 + Level 1.1 Stealth
 + Level 5.6 Shields


You had 6 spell levels left.
You didn't know any spells.
Your spell library was empty.

Dungeon Overview and Level Annotations

Branches:
Dungeon (6/15)
 Temple: D:4-7

Altars:
Fedhas
Hepliaklqana
Sif Muna
Vehumet
Xom

Annotations:
D:4 Edmund
D:6 Ijyb


Innate Abilities, Weirdness & Mutations

You reflexively headbutt those who attack you in melee.
You have a pair of horns on your head.


Message History

You hit Ijyb but do no damage.
Ijyb is heavily wounded.
Your shield and scale mail prevent you from hitting Ijyb.
You headbutt Ijyb, but do no damage.
Ijyb is heavily wounded.
Ijyb zaps a wand.
The bolt of acid misses you.
You hit Ijyb but do no damage. Your headbutt misses Ijyb.
Ijyb is heavily wounded.
Ijyb closely misses you. You furiously retaliate!
You headbutt Ijyb, but do no damage. You hit Ijyb but do no damage.
Ijyb is heavily wounded.
Ijyb zaps a wand.
The bolt of acid hits you!
You are splashed with acid!
The acid burns!
* * * LOW HITPOINT WARNING * * *
Ijyb zaps a wand.
The bolt of acid misses you.
Ijyb zaps a wand.
The bolt of acid hits you!
* * * LOW HITPOINT WARNING * * *
The acid corrodes you!
You are splashed with acid!
The acid burns!
You die...

...........#
#.........######
+.........#....#
#######.........#....#
..<...+......$..#....######
.#.####.......g.#).<........
... +....>....#....#######
....# #.........#....#
................@....+
.........##+####.....#
......#.. #.....# ....#.#.
#.##### #.# #.# #.# #.#


You could see Ijyb.

Vanquished Creatures
  A wraith (D:5)
  2 ogres
  A centaur (D:5)
  A howler monkey (D:5)
  A centaur zombie (D:5)
  2 crimson imps
  A hound (D:5)
  2 orc wizards (D:5)
  An orc priest (D:4)
  An iguana (D:5)
  3 worker ants (D:4)
  Robin (D:4)
  2 adders
  2 adder zombies (D:5)
  4 worms
  2 dart slugs (D:4)
  4 leopard geckos
  9 orcs
  3 giant cockroaches
  14 goblins
  5 hobgoblins
  6 jackals
  3 quokkas
  2 ball pythons
  5 bats
  4 frilled lizards
  A giant cockroach zombie (D:6)
  A jackal skeleton (D:5)
  9 kobolds
  7 rats
  3 fungi (D:2)
103 creatures vanquished.

Vanquished Creatures (others)
  A fungus (D:2)
1 creature vanquished.

Grand Total: 104 creatures vanquished

Notes
Turn   | Place    | Note
-------+----------+-------------------------------------------
     0 | D:1      | Marnok the Minotaur Fighter began the quest for the Orb.
     0 | D:1      | Reached XP level 1. HP: 19/19 MP: 0/0
   195 | D:1      | Reached XP level 2. HP: 20/27 MP: 1/1
   848 | D:2      | Reached XP level 3. HP: 33/33 MP: 2/2
  1122 | D:2      | Reached skill level 3 in Axes
  2372 | D:3      | Found a shimmering altar of Xom.
  2401 | D:3      | Found a radiant altar of Vehumet.
  2669 | D:4      | Reached XP level 4. HP: 28/41 MP: 3/3
  2718 | D:4      | Reached skill level 1 in Dodging
  2800 | D:4      | Noticed Robin
  3017 | D:4      | Killed Robin
  3080 | D:5      | Entered Level 5 of the Dungeon
  3111 | D:5      | Reached XP level 5. HP: 46/47 MP: 4/4
  3151 | D:4      | Found a hazy altar of Hepliaklqana.
  3268 | D:4      | Reached skill level 4 in Axes
  3381 | D:4      | Noticed an ogre
  3391 | D:4      | Killed an ogre
  3391 | D:4      | Reached skill level 5 in Fighting
  3394 | D:4      | Reached XP level 6. HP: 50/56 MP: 5/5
  3402 | D:5      | Noticed Ijyb
  3643 | D:4      | Reached skill level 5 in Axes
  3664 | D:4      | Noticed Edmund
  4026 | D:5      | Found a deep blue altar of Sif Muna.
  4066 | D:5      | Reached skill level 1 in Stealth
  4202 | D:5      | Found a blossoming altar of Fedhas.
  4339 | D:5      | Reached skill level 5 in Shields
  4339 | D:5      | Reached XP level 7. HP: 35/61 MP: 6/6
  4393 | D:5      | Reached skill level 6 in Axes
  4394 | D:5      | Noticed a wraith
  4430 | D:5      | Killed a wraith
  4447 | D:5      | Reached skill level 7 in Axes
  4961 | D:6      | Splashed by Ijyb's acid

Skill      XL: |  1  2  3  4  5  6  7 |
---------------+----------------------+-----
Fighting       | 4 5 |  5.8
Shields        | 4 5 |  5.6
Armour         | 4 |  4.8
Axes           | 3 4 5 7 |  7.1
Dodging        | 1 2 3 |  3.1
Stealth        | 1 |  1.1

Action                   |  1- 3 |  4- 6 |  7- 9 || total
-------------------------+-------+-------+-------++-------
Melee: War axe           |   146 |   118 |    24 ||   288
       Headbutt          |    15 |    20 |    10 ||    45
       Hand axe          |       |       |    12 ||    12
  Use: Scroll            |     7 |     1 |     1 ||     9
       Potion            |     5 |     5 |       ||    10
 Stab: Distracted        |       |     1 |       ||     1
       Sleeping          |       |       |     1 ||     1
  Eat: Ration            |     2 |     1 |     1 ||     4
       Chunk             |     1 |       |       ||     1
Armor: Scale mail        |    51 |    16 |    16 ||    83
       Robe              |     2 |    29 |       ||    31
Dodge: Dodged            |    40 |    47 |    18 ||   105
Block: Shield            |    76 |    65 |    26 ||   167
